 Dungeon Crawl Stone Soup version 0.32-a0-765-gfba4d74c8c (webtiles) character file.

Game seed: 7690809297273843248

704 Ajdolov the Trooper (level 7, -9/56 HPs)
             Began as a Coglin Hexslinger on Mar 18, 2024.
             Mangled by an ogre
             ... wielding a +0 giant club
              (18 damage)
             ... on level 3 of the Dungeon.
             The game lasted 00:11:51 (3103 turns).

Ajdolov the Trooper (Coglin Hexslinger)             Turns: 3103, Time: 00:11:52

Health: -9/56      AC:  4    Str:  8    XL:     7   Next: 67%
Magic:  8/8        EV: 11    Int: 12    God:
Gold:   131        SH:  0    Dex: 19    Spells: 6/8 levels left

rFire   . . .        a - +1 sling {Ntombi}
rCold   . . .        i - +0 sling {Fubuki}
rNeg    . . .        c - +0 robe
rPois   .            r - +0 helmet
rElec   .            d - +0 cloak
rCorr   .            (no gloves)
SInv    .            (no boots)
Will    .....        (amulet unavailable)
Stlth   ++           (ring unavailable)
HPRegen 0.29/turn    (ring unavailable)
MPRegen 0.11/turn    (no gizmo)

%: no passive effects
@: hasted, very quick
A: off-hand wielding, slow wielding, warmup strikes, no jewellery
a: Invent Gizmo


You were on level 3 of the Dungeon.
You visited 1 branch of the dungeon, and saw 4 of its levels.

You collected 131 gold pieces.

Inventory:

Hand Weapons
 a - a +1 sling (weapon) {Ntombi}
 i - a +0 sling (offhand) {Fubuki}
Armour
 c - a +0 robe (worn)
 d - a +0 cloak (worn)
 r - a +0 helmet (worn)
Wands
 k - a wand of flame (22)
Scrolls
 b - a scroll of poison
 e - a scroll of enchant armour {unknown}
 f - a scroll of enchant weapon {unknown}
 j - 6 scrolls of identify {unknown}
 m - a scroll of fear {unknown}
 n - a scroll of teleportation {unknown}
 p - a scroll of immolation
Potions
 g - a potion of haste
 h - a potion of magic {unknown}
 l - 2 potions of curing {unknown}
 q - 2 potions of enlightenment {unknown}


   Skills:
 - Level 5.0 Fighting
 * Level 4.9 Ranged Weapons
 - Level 1.7 Dodging
 - Level 1.0 Spellcasting
 * Level 4.5 Hexes
 - Level 0.8 Fire Magic


You had 6 spell levels left.
You knew the following spells:

 Your Spells              Type           Power      Damage    Failure   Level
a - Jinxbite              Hex            22%        N/A       7%          2

Your spell library contained the following spells:

 Spells                   Type           Power      Damage    Failure   Level
 Sigil of Binding         Hex            11%        N/A       14%         3
 Inner Flame              Hex/Fire       7%         N/A       30%         3
 Cause Fear               Hex            5%         N/A       43%         4
 Fugue of the Fallen      Necr           0%         N/A       65%         3
 Ozocubu's Armour         Ice            0%         N/A       65%         3
 Dimensional Bullseye     Hex/Tloc       3%         N/A       75%         4
 Manifold Assault         Tloc           0%         N/A       96%         4


Dungeon Overview and Level Annotations

Branches:
Dungeon (4/15)
 Temple: D:4-7

Altars:

Shops:
D:2 (

Annotations:
D:3 1 runed translucent door, hattey's ghost, amateur HuWn
D:4 Blork the orc


Innate Abilities, Weirdness & Mutations

You can wield a second weapon in your off-hand.
It takes a long time for you to wield or remove held weapons.
Your first few attacks do less damage.
You cannot equip rings or amulets.


Message History

You shoot a sling bullet. The sling bullet barely misses Sigmund.
A giggling sprite leaps out and insults Sigmund's ancestors.
You kill Sigmund!
No target in view!
No target in view!
Unknown command.
You start resting.
The sprites lose interest in your situation.
You start resting.
Your transformation is almost over.
Magic restored.
You start resting.
You feel less wooden.
Your +0 cloak unmelds from your body.
Your +0 helmet unmelds from your body.
Your +0 robe unmelds from your body.
You start resting.
You feel your willpower return.
Found a scroll labelled LATZUDGH DUAKK and 5 stones.
A malevolent force fills the Dungeon... and a teleportation trap spontaneously manifests!
You are yanked towards some nearby monsters!
Your surroundings suddenly seem different.
A goblin and an ogre come into view.
Found a +0 robe.
The ogre shouts!
The goblin shouts!
Found a stone staircase leading down.
The ogre hits you with a +0 giant club!
There is a stone staircase leading up here.
You climb upwards.
Level annotation: 1 runed translucent door, hattey's ghost, amateur HuWn
There is a stone staircase leading down here.
Throw: throwing net
Press: ? - help, Shift-Dir - straight line, f - ogre
Aim: an ogre, wielding a +0 giant club (75% to hit)
You throw a throwing net.
The throwing net barely misses the ogre.
The ogre hits you with a +0 giant club!!
* * * LOW HITPOINT WARNING * * *
It was a potion of haste.
You feel yourself speed up.
The ogre hits you with a +0 giant club!!
You die...

#..........##..####.#.
#..........##..##.....
######
#..............##.#.##
#....#
#...............#.#...
#....#
#..........######.#.##
#....#
#########†........#.#
#....#
########.###########
##....#######........#
.'..........'...@....#
##....#######....O...#
#..........#........#
#...................#
#..................(#
##.............÷....#
#......###....)#####
##+##..# #.....#
#§§W#..###..)..####


You could see an ogre.

Vanquished Creatures
  Sigmund (D:4)
  A scorpion (D:4)
  4 hounds
  An orc priest (D:2)
  2 iguanas (D:4)
  An orc wizard (D:4)
  Robin (D:2)
  4 gnolls
  8 adders
  2 ribbon worms
  6 dart slugs
  11 orcs
  9 endoplasms
  2 giant cockroaches
  15 goblins
  11 hobgoblins
  12 jackals
  2 quokkas (D:1)
  5 ball pythons
  8 bats
  2 frilled lizards
  7 kobolds
  5 rats
  A spectral hobgoblin (D:2)
121 creatures vanquished.

Notes
Turn   | Place    | Note
-------+----------+-------------------------------------------
     0 | D:1      | Ajdolov the Coglin Hexslinger began the quest for the Orb.
     0 | D:1      | Reached XP level 1. HP: 15/15 MP: 2/2
   107 | D:1      | Reached XP level 2. HP: 21/21 MP: 3/3
   466 | D:1      | Reached XP level 3. HP: 26/26 MP: 4/4
   470 | D:1      | Learned a level 2 spell: Jinxbite
   944 | D:2      | Reached XP level 4. HP: 32/32 MP: 5/5
   979 | D:2      | Found a faded altar of an unknown god.
  1082 | D:2      | You fall into a shaft and drop 1 floor!
  1255 | D:3      | Reached skill level 2 in Fighting
  1255 | D:3      | Reached XP level 5. HP: 22/39 MP: 4/6
  1712 | D:2      | Reached skill level 3 in Fighting
  1722 | D:2      | Noticed Robin
  1730 | D:2      | Killed Robin
  1928 | D:2      | Found Tyeduhuu's Antique Weapon Emporium.
  2291 | D:2      | Reached skill level 4 in Fighting
  2291 | D:2      | Reached XP level 6. HP: 31/48 MP: 4/7
  2571 | D:3      | Found a runed translucent door.
  2574 | D:3      | Noticed hattey's ghost (amateur HuWn)
  2804 | D:4      | Noticed Blork the orc
  2885 | D:4      | Reached skill level 5 in Fighting
  2980 | D:4      | Reached XP level 7. HP: 56/56 MP: 8/8
  3053 | D:4      | Noticed Sigmund
  3063 | D:4      | Killed Sigmund
  3103 | D:3      | Mangled by an ogre

Illustrated notes

Levels and vault maps discovered:
D:1:      denvon_arrival_planthouse, layout_basic, serial_bayou,
          serial_bayou_pond_e, serial_bayou_shore_b, serial_bayou_lagoon_b,
          serial_bayou_pond_e
D:2:      minmay_angry_zag, layout_loops_cross, serial_shops, shop,
          dreamdust_ecumenical_altar_drowned_temple, roderic_lattice_a,
          uniq_robin
D:3:      layout_basic, ebering_ghost_inner_flame
D:4:      layout_rooms, minmay_temple_entry_gardened_gates, uniq_blork_the_orc,
          uniq_sigmund

Skill      XL: |  1  2  3  4  5  6  7 |
---------------+----------------------+-----
Ranged Weapons | 2 3 4 |  4.9
Hexes          | 3 4 |  4.5
Fighting       | 2 4 5 |  5.0
Dodging        | |  1.7
Spellcasting   | |  1.0
Fire Magic     | |  0.8

Action                     |  1- 3 |  4- 6 |  7- 9 || total
---------------------------+-------+-------+-------++-------
   Fire: Sling             |   148 |   398 |    56 ||   602
  Throw: Throwing net      |       |       |     2 ||     2
   Cast: Jinxbite          |       |    13 |     2 ||    15
    Use: Potion            |       |       |     1 ||     1
 Armour: Robe              |     9 |    54 |     5 ||    68
         Skin              |       |       |     3 ||     3
  Dodge: Dodged            |    16 |    42 |     6 ||    64

Table legend: (Time is in decaauts)
 A = Elapsed time spent in this place.
 B = Non-inter-level travel time spent in this place.
 C = Inter-level travel time spent in this place.
 D = Time resting spent in this place.
 E = Time spent auto-exploring this place.
 F = Levels seen in this place.
 G = Mean time per level.
                   A        B        C        D        E       F      G
               +--------+--------+--------+--------+--------+-----+--------+
         Total |   3194 |   3025 |    169 |     49 |   2164 |   4 |  798.5 |
       Dungeon |   3194 |   3025 |    169 |     49 |   2164 |   4 |  798.5 |
               +--------+--------+--------+--------+--------+-----+--------+

Top non-repeatable levels by time:
     D:2: 1321 daAuts
     D:1: 820 daAuts
     D:3: 789 daAuts
     D:4: 263 daAuts
